 Dungeon Crawl Stone Soup version 0.21.0-3-g78d12a8 (webtiles) character file.

4704 Inkary the Carver (level 10, 0/81 HPs)
             Began as a Minotaur Berserker on Jan 12, 2018.
             Was an Elder of Trog.
             Slain by a catoblepas (10 damage)
             ... on level 9 of the Dungeon.
             The game lasted 00:14:30 (6957 turns).

Inkary the Carver (Minotaur Berserker)              Turns: 6957, Time: 00:14:31

Health: 0/81       AC: 14    Str: 25    XL:     10   Next: 21%
Magic:  0/8        EV:  6    Int:  4    God:    Trog [****..]
Gold:   382        SH:  0    Dex: 12    Spells: 9/9 levels left

rFire    + . .     SeeInvis .   r - +2 falchion (slice)
rCold    + . .     Gourm    .   g - +0 buckler
rNeg     . . .     Faith    .   G - +2 chain mail {rC+}
rPois    .         Spirit   +   (helmet restricted)
rElec    +         Reflect  .   s - +0 cloak
rCorr    .         Harm     .   (no gloves)
MR       ++...                  (no boots)
Stlth    ..........             q - amulet of guardian spirit
HPRegen  1.23/turn              (no ring)
MPRegen  0.11/turn              p - ring of protection from fire

@: about to teleport, petrifying, barbed spikes, berserk cooldown, regenerating,
slowed, very slow
A: retaliatory headbutt, horns 2, blurry vision 1, frail 1, low mp 1,
electricity resistance, strong 1, wild magic 1
a: Berserk, Trog's Hand, Brothers in Arms, Burn Spellbooks, Renounce Religion


You were on level 9 of the Dungeon.
You worshipped Trog.
Trog was greatly pleased with you.
You were very hungry.

You visited 1 branch of the dungeon, and saw 11 of its levels.

You collected 514 gold pieces.
You spent 132 gold pieces at shops.

Inventory:

Hand Weapons
 k - a +0 mace of draining
 m - a +0 falchion of holy wrath
 r - a +2 falchion of slicing (weapon)
 z - a +1 falchion of freezing
Armour
 g - a +0 buckler (worn)
 s - a +0 cloak (worn)
 G - a +2 chain mail of cold resistance (worn)
Jewellery
 p - a ring of protection from fire (right hand)
 q - an amulet of guardian spirit (around neck)
 y - a +2 ring of evasion {unknown}
Wands
 n - a wand of iceblast (18)
 u - a wand of disintegration (15)
 E - a wand of digging (29)
Scrolls
 e - 5 scrolls of teleportation
 h - 2 scrolls of enchant weapon {unknown}
 t - a scroll of magic mapping
 v - a scroll of fog {unknown}
 w - 2 scrolls of blinking {unknown}
 A - 2 scrolls of remove curse
 B - a scroll of random uselessness {unknown}
Potions
 a - a potion of magic
 b - a potion of brilliance
 d - 5 potions of curing
 f - a potion of might
 i - a potion of agility {unknown}
 j - a potion of cancellation
 l - 2 potions of heal wounds
 o - 3 potions of haste {unknown}
 x - a potion of lignification {unknown}
 D - 2 potions of ambrosia {unknown}
 F - a potion of berserk rage {unknown}
Comestibles
 c - 13 rations


   Skills:
 + Level 9.5 Fighting
 - Level 11.0 Long Blades
 + Level 9.1 Armour
 - Level 6.0 Dodging
 + Level 4.4 Shields


You had 9 spell levels left.
You didn't know any spells.

Dungeon Overview and Level Annotations

Branches:
Dungeon (11/15)            Temple (0/1) D:6            Lair (0/6) D:9
    Orc: D:9-12

Altars:
Fedhas
Gozag
Vehumet
Xom
Yredelemnul

Shops:
D:6 ((


Innate Abilities, Weirdness & Mutations

You reflexively headbutt those who attack you in melee.
You have a pair of horns on your head.
Scrolls take you a little longer to read.
You are frail. (-10% HP)
Your magical capacity is low. (-10% MP)
You are resistant to electric shocks. (rElec)
Your muscles are strong. (Str +2)
Your spells are a little harder to cast, but a little more powerful.


Message History

Really read with blurry vision while enemies are nearby? [Y]es or [N]o only, please.
Really read with blurry vision while enemies are nearby?
The catoblepas breathes a plume of calcifying dust at you.
The blast of calcifying dust hits you!
* * * LOW HITPOINT WARNING * * *
You begin reading the scroll.
You continue reading the scroll.
You are engulfed in calcifying dust.
You are slowing down.
The catoblepas gores you!!
* * * LOW HITPOINT WARNING * * *
As you read the scroll of teleportation, it crumbles to dust.
You feel strangely unstable.
Unknown command.
Unknown command.
The barbs in your skin will harm you if you move.
Continue?
The barbed spikes dig painfully into your body as you move.
* * * LOW HITPOINT WARNING * * *
The catoblepas gores you!
You die...

#.#.......#.## #.#### ##
#####.#########.# #..... .##
#.........### #.# #.###.
..####.##........###+## #.# #.
....##........)#.##...## #.###.
..#.##..#......#.#.....## #.....
.##.##..#..#...#........## ###.#.
.##[##..#......#Y........####....
...............§@........'.......
###.##........§#...<.....####....
....###.......###.......## ##.#.
##### ###.##### ##.....## ###. #
###......### ##...## .. #
##...(.PP!..## ##'## .. #
#...PPP.P.P..# #.# .# #
##....P...P...## #.# #
#....P...P.P..P###.##


You could see a catoblepas.

Vanquished Creatures
  A two-headed ogre (D:9)
  Pikel (D:8)
  Maurice (D:8)
  Grinder (D:4)
  A hornet (D:9)
  A yak (D:9)
  Menkaure (D:6)
  Duvessa (D:7)
  A slave (D:8)
  3 orc warriors
  2 black bears (D:9)
  An ice beast (D:6)
  The ghost of komo4ek the Charmwright, an amateur GnSk of Yredelemnul (D:4)
  An ogre (D:8)
  5 centaurs
  6 bullfrogs
  Dowan (D:7)
  A scorpion (D:8)
  3 killer bees (D:9)
  2 howler monkeys
  2 crimson imps
  A quasit (D:9)
  A jelly (D:5)
  2 orc priests
  A hound (D:7)
  2 iguanas
  3 orc wizards
  5 worker ants
  A hound zombie (D:9)
  A howler monkey zombie (D:6)
  Robin (D:2)
  2 worker ant zombies
  3 gnolls (D:3)
  5 adders
  A shadow imp (D:9)
  An ooze (D:5)
  2 adder zombies
  An adder skeleton (D:5)
  A worm (D:3)
  2 dart slugs (D:2)
  6 leopard geckos
  23 orcs
  A ball python (D:2)
  4 bats
  2 giant cockroaches
  11 hobgoblins
  6 jackals
  5 quokkas
  4 frilled lizards
  17 goblins
  4 kobolds
  4 rats
160 creatures vanquished.

Vanquished Creatures (others)
  A fungus (D:9)
1 creature vanquished.

Grand Total: 161 creatures vanquished

Notes
Turn   | Place    | Note
-------+----------+-------------------------------------------
     0 | D:1      | Inkary the Minotaur Berserker began the quest for the Orb.
     0 | D:1      | Reached XP level 1. HP: 19/19 MP: 0/0
   361 | D:1      | Reached XP level 2. HP: 26/27 MP: 1/1
   401 | D:1      | Reached skill level 4 in Long Blades
   907 | D:2      | Reached XP level 3. HP: 28/33 MP: 2/2
  1097 | D:2      | Reached ** piety under Trog
  1130 | D:2      | Noticed Robin
  1133 | D:2      | Killed Robin
  1133 | D:2      | Reached XP level 4. HP: 35/40 MP: 3/3
  1336 | D:2      | Gained mutation: You have a pair of large horns on your head. [potion of mutation]
  1336 | D:2      | Gained mutation: You are resistant to electric shocks. (rElec) [potion of mutation]
  1336 | D:2      | Gained mutation: You expend magic power (3 MP) to strengthen your wands. [potion of mutation]
  1336 | D:2      | Gained mutation: Your muscles are strong. (Str +2) [potion of mutation]
  1485 | D:3      | Reached skill level 5 in Long Blades
  1655 | D:3      | Reached XP level 5. HP: 21/47 MP: 4/4
  1868 | D:3      | Found a basalt altar of Yredelemnul.
  1971 | D:3      | Reached *** piety under Trog
  1985 | D:3      | Received a gift from Trog
  2465 | D:2      | Found a shimmering altar of Xom.
  2465 | D:2      | Found a blossoming altar of Fedhas.
  2573 | D:4      | Found an opulent altar of Gozag.
  2696 | D:4      | Noticed Grinder
  2696 | D:4      | Noticed komo4ek's ghost (amateur GnSk)
  2700 | D:4      | Killed komo4ek's ghost
  2700 | D:4      | Reached XP level 6. HP: 55/55 MP: 5/5
  2704 | D:4      | Reached skill level 6 in Long Blades
  2710 | D:4      | Killed Grinder
  2710 | D:4      | Reached skill level 5 in Fighting
  2719 | D:4      | Reached XP level 7. HP: 61/61 MP: 6/6
  3202 | D:5      | Entered Level 5 of the Dungeon
  3525 | D:5      | Reached skill level 7 in Long Blades
  3548 | D:5      | Reached skill level 5 in Armour
  3762 | D:5      | Lost mutation: You expend magic power (3 MP) to strengthen your wands. [potion of mutation]
  3762 | D:5      | Lost mutation: Your muscles are strong. (Str +2) [potion of mutation]
  3762 | D:5      | Gained mutation: You are frail. (-10% HP) [potion of mutation]
  3762 | D:5      | Gained mutation: Scrolls take you a little longer to read. [potion of mutation]
  3762 | D:5      | Gained mutation: You have large cloven feet. [potion of mutation]
  3966 | D:6      | Found a radiant altar of Vehumet.
  3983 | D:6      | Found Pyntonkocul's Antique Weapon Shop.
  3985 | D:6      | Found Ephisig's Antique Weapon Shop.
  4002 | D:6      | Bought a runed falchion for 132 gold pieces
  4011 | D:6      | Noticed Menkaure
  4015 | D:6      | Killed Menkaure
  4015 | D:6      | Reached XP level 8. HP: 55/63 MP: 3/7
  4229 | D:6      | Reached skill level 8 in Long Blades
  4363 | D:6      | Reached skill level 5 in Dodging
  4364 | D:6      | Found a staircase to the Ecumenical Temple.
  4922 | D:7      | Noticed Duvessa
  4925 | D:7      | Noticed Dowan
  4925 | D:7      | Killed Duvessa
  4925 | D:7      | Reached **** piety under Trog
  4925 | D:7      | Reached skill level 9 in Long Blades
  4929 | D:7      | Killed Dowan
  4955 | D:7      | Lost mutation: You have large cloven feet. [potion of mutation]
  4955 | D:7      | Lost mutation: You have a pair of large horns on your head. [potion of mutation]
  4955 | D:7      | Gained mutation: Your magical capacity is low. (-10% MP) [potion of mutation]
  4955 | D:7      | Gained mutation: Your muscles are strong. (Str +2) [potion of mutation]
  4955 | D:7      | Gained mutation: Your spells are a little harder to cast, but a little more powerful. [potion of mutation]
  5447 | D:8      | Reached XP level 9. HP: 68/71 MP: 5/7
  5723 | D:8      | Noticed Maurice
  5742 | D:8      | Killed Maurice
  5742 | D:8      | Reached skill level 10 in Long Blades
  6149 | D:8      | Noticed Pikel
  6165 | D:8      | Killed Pikel
  6165 | D:8      | Reached skill level 11 in Long Blades
  6213 | D:9      | Noticed a two-headed ogre
  6218 | D:9      | Killed a two-headed ogre
  6239 | D:9      | Reached XP level 10. HP: 56/81 MP: 6/8
  6396 | D:9      | Found a staircase to the Lair.
  6818 | D:9      | You fall through a shaft for 2 floors!
  6821 | D:11     | Noticed a deep elf mage
  6822 | D:11     | Noticed a deep elf mage
  6823 | D:11     | Noticed a deep elf mage
  6830 | D:10     | Entered Level 10 of the Dungeon
  6934 | D:10     | Noticed a catoblepas
  6935 | D:10     | Noticed a manticore
  6957 | D:9      | Slain by a catoblepas

Skill      XL: |  1  2  3  4  5  6  7  8  9 10 |
---------------+-------------------------------+-----
Long Blades    | 4 5 6 7 9 11 | 11.0
Fighting       | 4 5 6 7 9 |  9.5
Armour         | 3 4 5 6 8 9 |  9.1
Dodging        | 3 4 6 |  6.0
Shields        | 3 4 |  4.4

Action                   |  1- 3 |  4- 6 |  7- 9 | 10-12 || total
-------------------------+-------+-------+-------+-------++-------
Melee: Falchion          |    83 |   106 |   182 |    48 ||   419
       Headbutt          |    17 |    21 |    44 |     9 ||    91
       Kick              |       |       |    16 |       ||    16
Invok: Berserk           |       |     1 |     5 |     1 ||     7
       Trog's Hand       |       |     1 |       |     2 ||     3
  Use: Scroll            |       |     6 |     8 |     1 ||    15
       Potion            |       |     2 |     2 |       ||     4
  Eat: Chunk             |     1 |     5 |    12 |     4 ||    22
       Ration            |       |       |     1 |       ||     1
Armor: Animal skin       |    10 |       |       |       ||    10
       Chain mail        |    34 |    50 |    69 |    24 ||   177
Dodge: Dodged            |    49 |    47 |    71 |    29 ||   196
Block: Buckler           |     6 |    20 |    16 |     7 ||    49
       Rpst.: Falchion   |    16 |    14 |    17 |     5 ||    52
